 Dungeon Crawl Stone Soup version 0.15-a0-995-gc8af7eb (webtiles) character file.

360 Amnesiac the Sneak (level 6, 0/36 HPs)
             Began as a Halfling Enchanter on May 24, 2014.
             Was an Initiate of Dithmenos.
             Succumbed to an adder's poison
             ... on Level 4 of the Dungeon.
             The game lasted 00:09:31 (2732 turns).

Amnesiac the Sneak (Halfling Enchanter)             Turns: 2732, Time: 00:09:31

HP   0/36        AC  1     Str  5      XL: 6   Next: 98%
MP   5/9         EV 15     Int 17      God: Dithmenos [......]
Gold 54          SH  0     Dex 17      Spells:  3 memorised,  2 levels left

rFire  . . .     SeeInvis .     a - +1 dagger
rCold  . . .     Clarity  .     b - +1 robe
rNeg   . . .     Conserve .     (no shield)
rPois  .         rCorr    .     (no helmet)
rElec  .         rRot     .     (no cloak)
SustAb .         Spirit   .     (no gloves)
rMut   .         Warding  .     (no boots)
Gourm  .         Stasis   .     (no amulet)
MR     .....                    (no ring)
                                k - cursed -2 ring of protection

@: lethally poisoned, not resistant to hostile enchantments, fairly stealthy
A: mutation resistance 1
a: Renounce Religion


You were on level 4 of the Dungeon.
You worshipped Dithmenos.
Dithmenos was noncommittal.
You were hungry.

You visited 2 branches of the dungeon, and saw 6 of its levels.

You collected 54 gold pieces.

Inventory:

Hand weapons
 a - a +1,+1 dagger (weapon)
 i - a +2,+2 antimagic short sword
 m - a +1,+2 long sword of holy wrath
Missiles
 d - 12 darts (quivered)
Armour
 b - a +1 robe (worn)
Comestibles
 f - a bread ration
 g - a lemon
 h - 11 sultanas
 j - a pear
Scrolls
 n - a scroll of remove curse
Jewellery
 k - a cursed -2 ring of protection (left hand)
Potions
 e - a potion of brilliance
Books
 c - a book of Maledictions

   Spells                             Type                      Level
   *Corona                            Hexes                        1
   Sure Blade                         Hexes/Charms                 2
   *Ensorcelled Hibernation           Hexes/Ice                    2
   Confuse                            Hexes                        3
   *Dazzling Spray                    Conjuration/Hexes            3
   Enslavement                        Hexes                        4


   Skills:
 + Level 5.3 Short Blades
 - Level 1.3 Throwing
 - Level 2.4 Dodging
 + Level 5.4 Stealth
 - Level 1.5 Spellcasting
 + Level 4.2 Hexes
 - Level 1.1 Ice Magic


You had 2 spell levels left.
You knew the following spells:

 Your Spells              Type           Power        Failure   Level  Hunger
a - Corona                Hex            ###....      3%          1    ##.....
e - Dazzling Spray        Conj/Hex       #.......     24%         3    ####...
f - Ensorcelled Hibernat  Hex/Ice        ##....       12%         2    ###....


Dungeon Overview and Level Annotations

Branches:
Dungeon (5/15)             Temple (1/1) D:4

Altars:
Ashenzari
Cheibriados
Dithmenos
Kikubaaqudgha


Innate Abilities, Weirdness & Mutations

You are small and have problems with some larger weapons.
You are somewhat resistant to further mutation.


Message History

You feel sick.
There is a lethal amount of poison in your body!
* * * LOW HITPOINT WARNING * * *
You feel sick.
* * * LOW HITPOINT WARNING * * *
You feel sick.
Drink which item? (? for menu, Esc to quit)
Okay, then.
* * * LOW HITPOINT WARNING * * *
You feel sick.
Read which item? (? for menu, Esc to quit)
Okay, then.
* * * LOW HITPOINT WARNING * * *
You feel sick.
There is a lethal amount of poison in your body!
* * * LOW HITPOINT WARNING * * *
You feel sick.
* * * LOW HITPOINT WARNING * * *
You feel sick.
You die...

#.####......#.# # #.#
#......... .#.
###.####.........#... .
................#... #.#
..........#.#...#..# #.# .≈
..........#.#...... #.##.≈⌠
..........#...#...# #.#...≈.
........#.#..##...# #.#.....
................@.## #.....#
###.............#..####.....#
#..........##.##..........#...
#.....###<.##. ######.........
#...### #.###..#####......####
###...# #.# ##............#
......# #.# ######..##.>##
......# ### ##..## ..# ......#
####..#######


There were no monsters in sight!

Vanquished Creatures
  2 ogres (D:4)
  2 worker ants (D:4)
  2 orc wizards (D:4)
  5 adders
  An iguana skeleton (D:5)
  An ooze (D:3)
  4 orcs (D:4)
  4 giant cockroaches
  3 hobgoblins
  3 jackals (D:3)
  2 quokkas
  7 bats
  A giant gecko (D:4)
  A goblin (D:3)
  An orc skeleton (D:4)
  4 rats
43 creatures vanquished.

Notes
Turn   | Place    | Note
--------------------------------------------------------------
     0 | D:1      | Amnesiac, the Halfling Enchanter, began the quest for the Orb.
     0 | D:1      | Reached XP level 1. HP: 11/11 MP: 2/2
   557 | D:2      | Reached XP level 2. HP: 7/17 MP: 1/3
   561 | D:2      | Learned a level 2 spell: Ensorcelled Hibernation
   985 | D:3      | Reached skill level 1 in Ice Magic
  1223 | D:3      | Reached skill level 3 in Hexes
  1223 | D:3      | Reached XP level 3. HP: 7/21 MP: 0/5
  1625 | D:4      | Reached XP level 4. HP: 27/27 MP: 3/6
  1711 | D:5      | Entered Level 5 of the Dungeon
  1713 | D:5      | Noticed an orc warrior
  1795 | D:4      | Reached XP level 5. HP: 12/31 MP: 0/7
  1912 | D:4      | Noticed an ogre
  1932 | D:4      | Learned a level 3 spell: Dazzling Spray
  1964 | D:4      | Killed an ogre
  1964 | D:4      | Reached skill level 4 in Short Blades
  1964 | D:4      | Reached XP level 6. HP: 4/36 MP: 0/9
  2473 | D:4      | Reached skill level 5 in Stealth
  2541 | D:4      | Found a staircase to the Ecumenical Temple.
  2551 | Temple   | Entered the Ecumenical Temple
  2576 | Temple   | Became a worshipper of Dithmenos the Shadowed
  2675 | D:4      | Noticed an ogre
  2686 | D:4      | Killed an ogre
  2686 | D:4      | Reached skill level 5 in Short Blades
  2729 | D:4      | HP: 1/36 [poisoned by an adder]
  2732 | D:4      | Succumbed to an adder's poison

Action                   |  1- 3 |  4- 6 || total
-------------------------+-------+-------++-------
Melee: Dagger            |    98 |    82 ||   180
 Cast: Corona            |     5 |       ||     5
       Ensorcelled Hiber |    13 |    21 ||    34
       Dazzling Spray    |       |     1 ||     1
  Use: Scroll            |       |     2 ||     2
       Potion            |       |     3 ||     3
 Stab: Sleeping          |    12 |    13 ||    25
       Invisible         |       |     2 ||     2
